 Dungeon Crawl Stone Soup version 0.24-a0-507-g3e8b242632 (webtiles) character file.

Game seed: 3799042752156480310

60 KristoblXynda the Chopper (level 3, -2/30 HPs)
             Began as a Draconian Gladiator on July 18, 2019.
             Slain by an orc
             ... wielding a +0 trident
              (10 damage)
             ... on level 2 of the Dungeon.
             The game lasted 00:01:15 (735 turns).

KristoblXynda the Chopper (Draconian Gladiator)      Turns: 735, Time: 00:01:16

Health: -2/30      AC:  5    Str: 16    XL:     3   Next: 82%
Magic:  3/3        EV: 13    Int:  9    God:
Gold:   52         SH:  0    Dex: 12    Spells: 2/2 levels left

rFire    . . .     SeeInvis .   a - +0 war axe
rCold    . . .     Gourm    .   (no shield)
rNeg     . . .     Faith    .   (armour unavailable)
rPois    .         Spirit   .   b - +0 hat
rElec    .         Reflect  .   (no cloak)
rCorr    .         Harm     .   (no gloves)
MR       .....                  (no boots)
Stlth    +.........             (no amulet)
HPRegen  0.10/turn              (no ring)
MPRegen  0.08/turn              (no ring)

@: lethally poisoned (-2 -> -6)
A: unfitting armour, cold-blooded, AC +5
a: no special abilities


You were on level 2 of the Dungeon.
You were not hungry.

You visited 1 branch of the dungeon, and saw 2 of its levels.

You collected 52 gold pieces.

Inventory:

Hand Weapons
 a - a +0 war axe (weapon)
Missiles
 c - 3 throwing nets (quivered)
Armour
 b - a +0 hat (worn)
Scrolls
 e - 2 scrolls of identify {unknown}
 f - a scroll of teleportation {unknown}
Potions
 g - 2 potions of brilliance {unknown}
 h - a potion of curing {unknown}
Comestibles
 d - 3 rations
 i - 3 chunks of flesh


   Skills:
 + Level 2.7 Fighting
 * Level 4.0 Axes
 - Level 2.0 Throwing
 + Level 3.1 Dodging


You had 2 spell levels left.
You didn't know any spells.
Your spell library was empty.

Dungeon Overview and Level Annotations

Branches:
Dungeon (2/15)

Altars:


Innate Abilities, Weirdness & Mutations

Your plain brown scales are hard. (AC +5)
You cannot fit into any form of body armour.
You are cold-blooded and may be slowed by cold attacks.


Message History

You slash the adder!
You kill the adder!
You hit the orc but do no damage. You slash the orc!
You kill the orc!
Your Axes skill increases to level 4!
You feel sick. The orc closely misses you.
The orc hits you from afar with a +0 trident.
The orc hits you.
* * * LOW HITPOINT WARNING * * *
You slash the orc!
You kill the orc!
You hit the orc.
You kill the orc!
The orc misses you.
Unknown command.
You feel sick.
You see here an uncursed ring of stealth.
You feel sick.
The orc hits you from afar with a +0 trident!
You die...

#.# ### #.. ...
#..##.# #...#.#
#...#.#
.#####..#.#
.(......#.##.####
.......).<..>...#
###.##@##.#)##.#
..##.##.#
#.#.o...# . #
#.#..##.#
....#.#[#..######
#...).=........
#.#####)#.#####
#.......#...
#########.....


You could see an orc.

Vanquished Creatures
  2 adders (D:2)
  A worm (D:2)
  A leopard gecko (D:2)
  4 orcs (D:2)
  7 bats
  A giant cockroach (D:1)
  4 goblins (D:1)
  2 hobgoblins (D:1)
  6 kobolds
  3 frilled lizards (D:1)
  3 rats (D:1)
34 creatures vanquished.

Notes
Turn   | Place    | Note
-------+----------+-------------------------------------------
     0 | D:1      | KristoblXynda the Draconian Gladiator began the quest for
                  | the Orb.
     0 | D:1      | Reached XP level 1. HP: 17/17 MP: 1/1
    86 | D:1      | Reached XP level 2. HP: 21/24 MP: 2/2
   659 | D:2      | Reached XP level 3. HP: 30/30 MP: 3/3
   728 | D:2      | Reached skill level 4 in Axes
   735 | D:2      | Slain by an orc

Levels and vault maps discovered:
D:1:      nzn_arrival_water_spiral, layout_basic
D:2:      layout_basic, led_sif_pool

Skill      XL: |  1  2  3 |
---------------+----------+-----
Throwing       | 2 |  2.0
Dodging        | 3 |  3.1
Axes           | 4 |  4.0
Fighting       | |  2.7

Action                   || total
-------------------------++-------
Melee: War axe           ||    75
       Tailslap          ||    10
 Stab: Sleeping          ||     1
Armor: Skin              ||    31
Dodge: Dodged            ||    82

Table legend:
 A = Non-vault XP
 B = Vault XP
 C = Vault XP percentage of total XP
 D = Non-vault monster count
 E = Vault monster count
 F = Vault count percentage of total count
                 A         B        C        D         E       F
            +---------+---------+-------+---------+---------+-------
      Total |      87 |       0 |   0.0 |      34 |       0 |   0.0
            +---------+---------+-------+---------+---------+-------
        D:1 |      38 |       0 |   0.0 |      24 |       0 |   0.0
        D:2 |      49 |       0 |   0.0 |      10 |       0 |   0.0
            +---------+---------+-------+---------+---------+-------
